 Dungeon Crawl Stone Soup version 0.22-a0-157-g169b76a (webtiles) character file.

2780 varam the Thaumaturge (level 9, -13/66 HPs)
             Began as a Gnoll Wanderer on Feb 8, 2018.
             Was an Initiate of Cheibriados.
             Mangled by Grum
             ... wielding a -2 glaive
              (23 damage)
             ... on level 8 of the Dungeon.
             The game lasted 00:29:34 (7296 turns).

varam the Thaumaturge (Gnoll Wanderer)              Turns: 7296, Time: 00:29:35

Health: -13/66     AC:  7    Str: 13    XL:     9   Next: 70%
Magic:  20/24      EV: 16    Int: 23    God:    Cheibriados [......]
Gold:   351        SH:  0    Dex: 24    Spells: 21/31 levels left

rFire    + . .     SeeInvis .   l - +0 long sword (distort)
rCold    . . .     Gourm    .   (no shield)
rNeg     . . .     Faith    .   T - +1 robe {rF+}
rPois    .         Spirit   .   w - +0 helmet
rElec    .         Reflect  .   (no cloak)
rCorr    .         Harm     .   x - +2 pair of gloves
MR       .....                  (no boots)
Stlth    +++.......             A - amulet of regeneration
HPRegen  0.61/turn              B - +5 ring of dexterity
MPRegen  0.19/turn              F - +5 ring of dexterity

@: about to teleport, very slow
A: distributed training, fangs 1, strong nose
a: Bend Time, Renounce Religion


You were on level 8 of the Dungeon.
You worshipped Cheibriados.
Cheibriados was noncommittal.
You were not hungry.

You visited 2 branches of the dungeon, and saw 9 of its levels.

You collected 351 gold pieces.

Inventory:

Hand Weapons
 e - a +0 dagger
 j - a +0 hunting sling
 l - a +0 long sword of distortion (weapon)
 v - a +0 war axe
 E - a +1 short sword of draining
 S - a +0 whip of flaming
 V - a +1 antimagic whip
 Y - a +1 dagger of draining
Missiles
 m - 88 bolts
 D - 42 sling bullets
 H - a throwing net (quivered)
 J - 6 javelins
Armour
 p - a +0 large shield
 w - a +0 helmet (worn)
 x - a +2 pair of gloves (worn)
 T - a +1 robe of fire resistance (worn)
Jewellery
 q - an uncursed amulet of rage
 A - an amulet of regeneration (around neck)
 B - a +5 ring of dexterity (left hand)
 F - a +5 ring of dexterity (right hand)
Wands
 K - a wand of random effects (72)
Scrolls
 c - 3 scrolls of fear {unknown}
 i - 5 scrolls of amnesia {unknown}
 r - 6 scrolls of remove curse
 s - a scroll of fog {unknown}
 u - a scroll of teleportation
 y - 3 scrolls of enchant weapon
 G - a scroll of random uselessness {unknown}
 I - 6 scrolls of identify
 N - a scroll of blinking {unknown}
 R - a scroll of noise {unknown}
 U - a scroll of enchant armour {unknown}
Potions
 g - 2 potions of resistance
 h - 3 potions of haste
 k - a potion of ambrosia {unknown}
 n - a potion of heal wounds {unknown}
 o - 2 potions of flight
 t - 2 potions of mutation {unknown}
 z - a potion of berserk rage {unknown}
 C - a potion of degeneration
 L - 2 potions of lignification {unknown}
 M - a potion of might {unknown}
 P - 2 potions of cancellation {unknown}
 Q - a potion of brilliance {unknown}
 W - a potion of agility {unknown}
 X - a potion of invisibility {unknown}
Books
 a - a book of Minor Magic

   Spells                             Type                      Level
   a - Magic Dart                     Conjuration                  1
   b - Blink                          Translocation                2
   c - Call Imp                       Summoning                    2
   d - Slow                           Hexes                        2
   e - Conjure Flame                  Conjuration/Fire             3
   f - Mephitic Cloud                 Conjuration/Poison/Air       3
 b - Sif Muna's Collected Works on Calling

   Spells                             Type                      Level
   a - Summon Butterflies             Summoning                    1
   b - Call Canine Familiar           Summoning                    3
Comestibles
 f - 8 rations


   Skills:
 + Level 4.4 Fighting
 + Level 4.4 Short Blades
 + Level 4.4 Long Blades
 + Level 4.4 Axes
 + Level 4.4 Maces & Flails
 + Level 4.4 Polearms
 + Level 4.4 Staves
 + Level 4.4 Slings
 + Level 4.4 Bows
 + Level 4.4 Crossbows
 + Level 6.4 Throwing
 + Level 4.4 Armour
 + Level 4.4 Dodging
 + Level 4.4 Stealth
 + Level 4.4 Shields
 + Level 4.4 Unarmed Combat
 + Level 11.9 Spellcasting
 + Level 3.6 Conjurations
 + Level 3.6 Hexes
 + Level 3.6 Charms
 + Level 4.3 Summonings
 + Level 5.3 Necromancy
 + Level 3.6 Translocations
 + Level 3.6 Transmutations
 + Level 3.6 Fire Magic
 + Level 3.6 Ice Magic
 + Level 3.6 Air Magic
 + Level 3.6 Earth Magic
 + Level 3.6 Poison Magic
 + Level 4.9 Invocations
 + Level 4.4 Evocations


You had 21 spell levels left.
You knew the following spells:

 Your Spells              Type           Power        Failure   Level  Hunger
a - Magic Dart            Conj           ####         1%          1    None
b - Call Imp              Summ           ####....     1%          2    None
c - Call Canine Familiar  Summ           ####....     2%          3    None
d - Mephitic Cloud        Conj/Pois/Air  ####....     3%          3    None
e - Summon Butterflies    Summ           ####....     1%          1    None


Dungeon Overview and Level Annotations

Branches:
Dungeon (8/15)             Temple (1/1) D:7
   Lair: D:8-11

Altars:
Ashenzari
Cheibriados
Dithmenos
Elyvilon
Fedhas
Gozag
Hepliaklqana
Kikubaaqudgha
Makhleb
Nemelex Xobeh
Okawaru
Qazlal
Ru
Sif Muna
Trog
Uskayaw
Vehumet
Wu Jian
Xom
Yredelemnul
Zin
The Shining One

Annotations:
D:8 Grum


Innate Abilities, Weirdness & Mutations

Your experience applies equally to all skills.
You have very sharp teeth.
Your uncanny sense of smell can sniff out nearby items.


Message History

Casting: Call Canine Familiar (safe; 2% risk of failure)
Confirm with . or Enter, or press ? or * to list all spells.
Okay, then.
You swap places.
The wolf closely misses your hound. The wolf bites your hound.
Your hound bites the wolf but does no damage.
The wolf bites your hound. The wolf barely misses you.
Your hound bites the wolf but does no damage.
You miss the wolf. The wolf misses you.
You riposte.
You closely miss the wolf.
Your hound closely misses the wolf.
The wolf bites you!
Your hound bites the wolf.
As you read the scroll of teleportation, it crumbles to dust.
You feel strangely unstable. The wolf bites you.
* * * LOW HITPOINT WARNING * * *
The wolf completely misses you. The wolf barely misses you.
The wolf completely misses you.
Your hound barely misses the wolf.
The wolf bites you.
* * * LOW HITPOINT WARNING * * *
The wolf misses you.
You riposte.
You barely miss the wolf. Grum hits you from afar with a glaive!!
You die...

.....≈≈...≈..................
.....≈≈........##.......###.#
......≈...=.........#.......#
......≈...####>.....+........
..........###.......#....####
..........#.........####.....
..........#..........<.......
...##.....#..........########
... #.....##@h........ #. ..
#.....##hh..b..... #...
#.....##gh..b..... #.#.
#......#.b≈....... #.#.
#......#.b≈.....≈. # #.
#......#.≈≈≈≈b....
#...#...#.≈≈......
#...#...#.........
......#####.......


You could see Grum, 3 wolves and a friendly hound.

Vanquished Creatures
  Pikel (D:6)
  Grinder (D:4)
  A water moccasin (D:7)
  2 orc warriors (D:6)
  2 slaves (D:6)
  A sky beast (D:7)
  A centaur (D:7)
  2 phantoms
  2 bullfrogs (D:6)
  3 scorpions
  4 killer bees
  2 crimson imps
  A hound (D:5)
  A jelly (D:6)
  4 orc priests
  2 bullfrog skeletons
  4 iguanas
  2 orc wizards
  5 worker ants
  A hound zombie (D:6)
  4 gnolls
  A howler monkey skeleton (D:7)
  8 adders
  A shadow imp (D:5)
  A worm (D:5)
  A dart slug (D:1)
  3 leopard geckos
  20 orcs
  4 bats
  6 giant cockroaches
  8 goblins
  3 hobgoblins
  3 jackals (D:5)
  5 kobolds
  4 quokkas
  A leopard gecko skeleton (D:7)
  A leopard gecko zombie (D:6)
  2 quokka zombies
  5 rats
123 creatures vanquished.

Vanquished Creatures (collateral kills)
  An ogre (D:5)
  A bullfrog (D:6)
  An orc priest (D:6)
  A centaur skeleton (D:4)
  Robin (D:4)
  2 gnolls (D:2)
  5 adders
  A worm (D:2)
  7 orcs
  2 bats
  4 giant cockroaches
  2 goblins (D:2)
  3 hobgoblins
  A quokka (D:2)
  A kobold (D:2)
33 creatures vanquished.

Vanquished Creatures (others)
  A hippogriff (D:6)
  A slave (D:7)
  A crocodile (D:6)
  A killer bee (D:7)
  A crimson imp (D:7)
  A bullfrog zombie (D:7)
  A hound (D:6)
  A jelly (D:8)
  2 adders (D:5)
  A worm (D:2)
  A dart slug (D:3)
  A leopard gecko (D:3)
  An orc (D:6)
  A giant cockroach (D:7)
15 creatures vanquished.

Grand Total: 171 creatures vanquished

Notes
Turn   | Place    | Note
-------+----------+-------------------------------------------
     0 | D:1      | Reached skill level 11 in Spellcasting
     0 | D:1      | varam the Gnoll Wanderer began the quest for the Orb.
     0 | D:1      | varam set off with: a book of Minor Magic, Sif Muna's Collected Works on Calling, a potion of curing, a +0 robe, a +0 dagger, a ration
     0 | D:1      | Reached XP level 1. HP: 13/13 MP: 12/12
     0 | D:1      | Identified Sif Muna's Collected Works on Calling
   196 | D:1      | Learned a level 1 spell: Magic Dart
   226 | D:1      | Reached skill level 2 in Summonings
   226 | D:1      | Reached XP level 2. HP: 8/19 MP: 4/14
   276 | D:1      | Learned a level 2 spell: Call Imp
   880 | D:2      | Noticed a crimson imp
  1227 | D:2      | Found a sacrificial altar of Ru.
  1264 | D:2      | the worm is devoured by a tear in reality.
  1282 | D:2      | Reached XP level 3. HP: 18/25 MP: 12/15
  1345 | D:2      | Learned a level 3 spell: Call Canine Familiar
  1776 | D:2      | Reached skill level 1 in Invocations
  1795 | D:2      | Reached skill level 1 in Fighting
  1795 | D:2      | Reached skill level 1 in Short Blades
  1795 | D:2      | Reached skill level 1 in Long Blades
  1795 | D:2      | Reached skill level 1 in Axes
  1795 | D:2      | Reached skill level 1 in Maces & Flails
  1795 | D:2      | Reached skill level 1 in Polearms
  1795 | D:2      | Reached skill level 1 in Staves
  1795 | D:2      | Reached skill level 1 in Slings
  1795 | D:2      | Reached skill level 1 in Bows
  1795 | D:2      | Reached skill level 1 in Crossbows
  1795 | D:2      | Reached skill level 1 in Armour
  1795 | D:2      | Reached skill level 1 in Dodging
  1795 | D:2      | Reached skill level 1 in Stealth
  1795 | D:2      | Reached skill level 1 in Shields
  1795 | D:2      | Reached skill level 1 in Unarmed Combat
  1795 | D:2      | Reached skill level 1 in Evocations
  1796 | D:2      | Reached XP level 4. HP: 5/32 MP: 6/17
  2389 | D:3      | the leopard gecko is devoured by a tear in reality.
  2396 | D:3      | the dart slug is devoured by a tear in reality.
  2417 | D:3      | Reached skill level 1 in Conjurations
  2417 | D:3      | Reached skill level 1 in Hexes
  2417 | D:3      | Reached skill level 1 in Charms
  2417 | D:3      | Reached skill level 1 in Translocations
  2417 | D:3      | Reached skill level 1 in Transmutations
  2417 | D:3      | Reached skill level 1 in Fire Magic
  2417 | D:3      | Reached skill level 1 in Ice Magic
  2417 | D:3      | Reached skill level 1 in Air Magic
  2417 | D:3      | Reached skill level 1 in Earth Magic
  2417 | D:3      | Reached skill level 1 in Poison Magic
  2503 | D:3      | Learned a level 3 spell: Mephitic Cloud
  2505 | D:3      | Learned a level 1 spell: Summon Butterflies
  3030 | D:3      | Reached XP level 5. HP: 37/37 MP: 8/18
  3338 | D:4      | Reached skill level 4 in Necromancy
  3410 | D:4      | Reached XP level 6. HP: 42/44 MP: 20/20
  3613 | D:4      | Noticed Grinder
  3656 | D:4      | Killed Grinder
  3656 | D:4      | Reached skill level 2 in Fighting
  3656 | D:4      | Reached skill level 2 in Short Blades
  3656 | D:4      | Reached skill level 2 in Long Blades
  3656 | D:4      | Reached skill level 2 in Axes
  3656 | D:4      | Reached skill level 2 in Maces & Flails
  3656 | D:4      | Reached skill level 2 in Polearms
  3656 | D:4      | Reached skill level 2 in Staves
  3656 | D:4      | Reached skill level 2 in Slings
  3656 | D:4      | Reached skill level 2 in Bows
  3656 | D:4      | Reached skill level 2 in Crossbows
  3656 | D:4      | Reached skill level 5 in Throwing
  3656 | D:4      | Reached skill level 2 in Armour
  3656 | D:4      | Reached skill level 2 in Dodging
  3656 | D:4      | Reached skill level 2 in Stealth
  3656 | D:4      | Reached skill level 2 in Shields
  3656 | D:4      | Reached skill level 2 in Unarmed Combat
  3656 | D:4      | Reached skill level 2 in Invocations
  3656 | D:4      | Reached skill level 2 in Evocations
  3882 | D:4      | Noticed Robin
  3896 | D:4      | Killed Robin
  3896 | D:4      | Reached XP level 7. HP: 50/50 MP: 16/21
  4382 | D:5      | Entered Level 5 of the Dungeon
  4648 | D:5      | the adder is devoured by a tear in reality.
  4670 | D:5      | Reached skill level 2 in Conjurations
  4670 | D:5      | Reached skill level 2 in Hexes
  4670 | D:5      | Reached skill level 2 in Charms
  4670 | D:5      | Reached skill level 2 in Translocations
  4670 | D:5      | Reached skill level 2 in Transmutations
  4670 | D:5      | Reached skill level 2 in Fire Magic
  4670 | D:5      | Reached skill level 2 in Ice Magic
  4670 | D:5      | Reached skill level 2 in Air Magic
  4670 | D:5      | Reached skill level 2 in Earth Magic
  4670 | D:5      | Reached skill level 2 in Poison Magic
  4766 | D:5      | Found a shadowy altar of Dithmenos.
  4873 | D:5      | the adder is devoured by a tear in reality.
  4883 | D:5      | Reached skill level 3 in Summonings
  5309 | D:6      | Reached skill level 3 in Invocations
  5311 | D:6      | Reached XP level 8. HP: 57/57 MP: 15/23
  5364 | D:6      | Reached skill level 3 in Fighting
  5364 | D:6      | Reached skill level 3 in Short Blades
  5364 | D:6      | Reached skill level 3 in Long Blades
  5364 | D:6      | Reached skill level 3 in Axes
  5364 | D:6      | Reached skill level 3 in Maces & Flails
  5364 | D:6      | Reached skill level 3 in Polearms
  5364 | D:6      | Reached skill level 3 in Staves
  5364 | D:6      | Reached skill level 3 in Slings
  5364 | D:6      | Reached skill level 3 in Bows
  5364 | D:6      | Reached skill level 3 in Crossbows
  5364 | D:6      | Reached skill level 3 in Armour
  5364 | D:6      | Reached skill level 3 in Dodging
  5364 | D:6      | Reached skill level 3 in Stealth
  5364 | D:6      | Reached skill level 3 in Shields
  5364 | D:6      | Reached skill level 3 in Unarmed Combat
  5364 | D:6      | Reached skill level 3 in Evocations
  5424 | D:6      | the orc is devoured by a tear in reality.
  5692 | D:6      | the hound is devoured by a tear in reality.
  5964 | D:7      | Noticed a hippogriff
  5967 | D:7      | the bullfrog zombie is devoured by a tear in reality.
  6144 | D:6      | Reached skill level 4 in Invocations
  6153 | D:6      | Reached skill level 3 in Conjurations
  6153 | D:6      | Reached skill level 3 in Hexes
  6153 | D:6      | Reached skill level 3 in Charms
  6153 | D:6      | Reached skill level 3 in Translocations
  6153 | D:6      | Reached skill level 3 in Transmutations
  6153 | D:6      | Reached skill level 3 in Fire Magic
  6153 | D:6      | Reached skill level 3 in Ice Magic
  6153 | D:6      | Reached skill level 3 in Air Magic
  6153 | D:6      | Reached skill level 3 in Earth Magic
  6153 | D:6      | Reached skill level 3 in Poison Magic
  6216 | D:6      | the crocodile is devoured by a tear in reality.
  6359 | D:6      | Reached XP level 9. HP: 31/65 MP: 19/24
  6365 | D:6      | Reached skill level 6 in Throwing
  6423 | D:7      | Noticed Pikel
  6433 | D:6      | Reached skill level 5 in Necromancy
  6507 | D:7      | the killer bee is devoured by a tear in reality.
  6517 | D:7      | the giant cockroach is devoured by a tear in reality.
  6584 | D:6      | the hippogriff is devoured by a tear in reality.
  6600 | D:6      | Killed Pikel
  6600 | D:6      | Reached skill level 4 in Fighting
  6600 | D:6      | Reached skill level 4 in Short Blades
  6600 | D:6      | Reached skill level 4 in Long Blades
  6600 | D:6      | Reached skill level 4 in Axes
  6600 | D:6      | Reached skill level 4 in Maces & Flails
  6600 | D:6      | Reached skill level 4 in Polearms
  6600 | D:6      | Reached skill level 4 in Staves
  6600 | D:6      | Reached skill level 4 in Slings
  6600 | D:6      | Reached skill level 4 in Bows
  6600 | D:6      | Reached skill level 4 in Crossbows
  6600 | D:6      | Reached skill level 4 in Armour
  6600 | D:6      | Reached skill level 4 in Dodging
  6600 | D:6      | Reached skill level 4 in Stealth
  6600 | D:6      | Reached skill level 4 in Shields
  6600 | D:6      | Reached skill level 4 in Unarmed Combat
  6600 | D:6      | Reached skill level 4 in Summonings
  6600 | D:6      | Reached skill level 4 in Evocations
  6755 | D:7      | Found a staircase to the Ecumenical Temple.
  6775 | Temple   | Entered the Ecumenical Temple
  6879 | Temple   | Became a worshipper of Cheibriados the Contemplative
  7210 | D:8      | the jelly is devoured by a tear in reality.
  7230 | D:8      | Got a dazzling crystal plate armour
  7249 | D:8      | Identified the +0 crystal plate armour "Moel" {Dex+2} (You found it on level 8 of the Dungeon)
  7287 | D:8      | Noticed Grum
  7296 | D:8      | Mangled by Grum

Vault maps used:
D:1:      elethiomel_arrival_maze
D:2:      first_ration, nicolae_ru_sacrificial_ziggurat
D:4:      serial_bayou_crossing, uniq_robin, uniq_grinder
D:5:      kennysheep_mini
D:7:      minmay_temple_entry_glassed_door, uniq_pikel
D:8:      hangedman_little_slice_of_home, uniq_grum
Temple:   compressed_dpeg_circular_temple

Skill      XL: |  1  2  3  4  5  6  7  8  9 |
---------------+----------------------------+-----
Spellcasting   | | 11.9
Summonings     | 2 3 4 |  4.3
Invocations    | 1 2 3 4 |  4.9
Fighting       | 1 2 3 4 |  4.4
Short Blades   | 1 2 3 4 |  4.4
Long Blades    | 1 2 3 4 |  4.4
Axes           | 1 2 3 4 |  4.4
Maces & Flails | 1 2 3 4 |  4.4
Polearms       | 1 2 3 4 |  4.4
Staves         | 1 2 3 4 |  4.4
Slings         | 1 2 3 4 |  4.4
Bows           | 1 2 3 4 |  4.4
Crossbows      | 1 2 3 4 |  4.4
Armour         | 1 2 3 4 |  4.4
Dodging        | 1 2 3 4 |  4.4
Stealth        | 1 2 3 4 |  4.4
Shields        | 1 2 3 4 |  4.4
Unarmed Combat | 1 2 3 4 |  4.4
Evocations     | 1 2 3 4 |  4.4
Conjurations   | 1 2 3 |  3.6
Hexes          | 1 2 3 |  3.6
Charms         | 1 2 3 |  3.6
Translocations | 1 2 3 |  3.6
Transmutations | 1 2 3 |  3.6
Fire Magic     | 1 2 3 |  3.6
Ice Magic      | 1 2 3 |  3.6
Air Magic      | 1 2 3 |  3.6
Earth Magic    | 1 2 3 |  3.6
Poison Magic   | 1 2 3 |  3.6
Necromancy     | 4 5 |  5.3
Throwing       | 5 6 |  6.4

Action                   |  1- 3 |  4- 6 |  7- 9 || total
-------------------------+-------+-------+-------++-------
Melee: Dagger            |    45 |       |       ||    45
       Bite              |     8 |     5 |    33 ||    46
       Long sword        |    18 |    80 |   223 ||   321
       Punch             |       |       |     7 ||     7
Throw: Throwing net      |       |       |     1 ||     1
 Cast: Magic Dart        |    11 |     2 |       ||    13
       Call Imp          |    17 |     4 |    12 ||    33
       Call Canine Famil |     3 |    15 |    31 ||    49
       Mephitic Cloud    |       |     1 |    11 ||    12
       Summon Butterflie |       |     2 |     2 ||     4
  Use: Potion            |     1 |     1 |     1 ||     3
       Scroll            |       |     7 |     2 ||     9
 Stab: Sleeping          |     1 |     3 |     5 ||     9
       Confused          |       |       |     4 ||     4
       Distracted        |       |       |     2 ||     2
  Eat: Chunk             |     3 |     6 |    12 ||    21
Armor: Robe              |    17 |    21 |    80 ||   118
Dodge: Dodged            |    57 |    65 |   245 ||   367
       Rpst.: Long sword |     3 |    18 |    78 ||    99

Table legend:
 A = Spawn XP
 B = Non-spawn XP
 C = Spawn XP percentage of total XP
 D = Spawn monster count
 E = Non-spawn monster count
 F = Spawn count percentage of total count
 G = Total turns spent on level
                    A         B        C        D         E        F      G
               +---------+---------+-------+---------+---------+-------+---------
         Total |       0 |    3972 |   0.0 |       0 |     167 |   0.0 |  7296
               +---------+---------+-------+---------+---------+-------+---------
           D:1 |       0 |      20 |   0.0 |       0 |      11 |   0.0 |   930
           D:2 |       0 |      96 |   0.0 |       0 |      29 |   0.0 |  1473
           D:3 |       0 |      78 |   0.0 |       0 |      15 |   0.0 |   988
           D:4 |       0 |     427 |   0.0 |       0 |      24 |   0.0 |   991
           D:5 |       0 |     441 |   0.0 |       0 |      23 |   0.0 |   972
           D:6 |       0 |    2029 |   0.0 |       0 |      37 |   0.0 |  1190
           D:7 |       0 |     805 |   0.0 |       0 |      26 |   0.0 |   510
           D:8 |       0 |      76 |   0.0 |       0 |       2 |   0.0 |   123
               +---------+---------+-------+---------+---------+-------+---------
